 Dungeon Crawl Stone Soup version 0.27-a0-1308-gc08437e49b (webtiles) character file.

Game seed: 10035041263686288676

8331 Sobieck the Nimble (level 11, -12/84 HPs)
             Began as a Spriggan Berserker on June 18, 2021.
             Was a High Priest of Trog.
             Mangled by a gargoyle (17 damage)
             ... on level 10 of the Dungeon.
             The game lasted 00:20:12 (11310 turns).

Sobieck the Nimble (Spriggan Berserker)            Turns: 11310, Time: 00:20:12

Health: -12/84     AC:  9    Str: 16    XL:     11   Next: 8%
Magic:  12/12      EV: 25    Int:  8    God:    Trog [*****.]
Gold:   505        SH:  0    Dex: 16    Spells: 10/10 levels left

rFire    . . .     SeeInvis +   a - +2 hand axe (elec) {axe}
rCold    . . .     Faith    .   (shield restricted)
rNeg     . . .     Spirit   .   z - +0 acid dragon scales
rPois    .         Reflect  .   w - +2 hat
rElec    .         Harm     .   x - +0 cloak
rCorr    +         Rampage  .   (gloves unavailable)
Will     +....                  (boots unavailable)
Stlth    ..........             (no amulet)
HPRegen  0.24/turn              (no ring)
MPRegen  0.13/turn              (no ring)

@: berserking, very quick
A: very small, no large weapons, unfitting armour, see invisible, speed 3
a: Renounce Religion, Berserk, Trog's Hand, Brothers in Arms


You were on level 10 of the Dungeon.
You worshipped Trog.
Trog was extremely pleased with you.
You visited 1 branch of the dungeon, and saw 11 of its levels.

You collected 505 gold pieces.


Innate Abilities, Weirdness & Mutations

You are very small and have problems with some larger weapons.
You are too small for most types of armour.
You have supernaturally acute eyesight. (SInv)
You cover ground extremely quickly. (Speed+++)


   Skills:
 - Level 6.0 Fighting
 - Level 2.6 Long Blades
 + Level 9.8 Axes
 - Level 14.0 Dodging


You had 10 spell levels left.
You didn't know any spells.
Your spell library contained the following spells:

 Spells                   Type           Power      Damage    Failure   Level
 Sandblast                Erth           0%         2d4       52%         1
 Shock                    Conj/Air       0%         1d3       52%         1
 Call Imp                 Summ           0%         N/A       65%         2
 Corpse Rot               Necr/Air       N/A        N/A       65%         2
 Static Discharge         Conj/Air       0%         N/A       65%         2
 Sublimation of Blood     Necr           0%         N/A       65%         2
 Confusing Touch          Hex            0%         N/A       87%         3
 Gell's Gravitas          Tloc           0%         N/A       87%         3
 Swiftness                Air            0%         N/A       87%         3
 Airstrike                Air            0%         N/A       99%         4
 Dispel Undead            Necr           0%         3d6       99%         4
 Petrify                  Tmut/Erth      0%         N/A       99%         4
 Agony                    Necr           0%         N/A       100%        5
 Excruciating Wounds      Necr           0%         N/A       100%        5
 Lightning Bolt           Conj/Air       0%         1d11      100%        5
 Metabolic Englaciation   Hex/Ice        0%         N/A       100%        5
 Yara's Violent Unravell  Hex/Tmut       0%         3d3       100%        5
 Iron Shot                Conj/Erth      0%         9d1       100%        6
 Shadow Creatures         Summ           N/A        N/A       100%        6

Inventory:

Hand Weapons
 a - a +2 hand axe of electrocution (weapon) {axe}
   (You found it on level 1 of the Dungeon)
 b - a +0 vorpal hunting sling {sling}
   (You found it on level 3 of the Dungeon)
 r - a +0 war axe of flaming {axe}
   (You took it off Maggie on level 6 of the Dungeon)
Missiles
 e - 344 stones {throwing}
 j - 174 bolts
 k - 13 poisoned darts {throwing}
 n - 101 arrows
 u - 6 throwing nets {=f!fthrowing}
 v - 3 curare-tipped darts {=fthrowing}
 y - 4 boomerangs {throwing}
 C - 27 sling bullets
Armour
 s - +0 steam dragon scales
   (You took it off Maggie on level 6 of the Dungeon)
 w - a +2 hat (worn)
   (You found it on level 7 of the Dungeon)
 x - a +0 cloak (worn)
   (You took it off Crazy Yiuf on level 7 of the Dungeon)
 z - +0 acid dragon scales (worn)
   (You found it on level 10 of the Dungeon)
Wands
 c - a wand of paralysis (14)
   (You found it on level 6 of the Dungeon)
 t - a wand of charming (9)
   (You found it on level 9 of the Dungeon)
 B - a wand of acid (9)
   (You found it on level 8 of the Dungeon)
Scrolls
 d - 5 scrolls of teleportation {@r4}
 p - 2 scrolls of identify {@r1}
 D - a scroll of enchant armour {unknown}
 E - a scroll of summoning {unknown}
Potions
 f - 3 potions of brilliance
 g - 10 potions of curing {@q1}
 h - 2 potions of attraction {!q}
 i - 2 potions of mutation {!q}
 l - 2 potions of heal wounds {@q2}
 m - a potion of invisibility
 q - a potion of might
 A - a potion of ambrosia
Miscellaneous
 o - a phantom mirror
   (You found it on level 9 of the Dungeon)

Dungeon Overview and Level Annotations

Branches:
Dungeon (11/15)            Temple (0/1) D:7             Orc (0/2) D:9
   Lair: D:8-11

Altars:
Cheibriados
Dithmenos
Elyvilon
Kikubaaqudgha
Nemelex Xobeh
Okawaru
Ru
Vehumet
Xom
Yredelemnul
Zin
The Shining One

Annotations:
D:6 exclusion: downstairs
D:7 2 runed translucent doors, bilbop's ghost, novice HOFi

......................###........
#........##...##......# #........
#......###8...8###...## #...##...
.......# ##...##8#...# #########
......###+.....'###..# ......#
#.......# #.## ......#
+.......+##.#
......##....8....##.# ##
......##+.......@##.# ###_
......# #.......#9#.# #...
......# #+.....+###.# #โ™ฃ..
###....# ##+.+## #..# #...
...#...### ## ###.## #โ™ฃ..
...#.....#######...# ##'
.................#### #.
..............###...# ##
.........#.?........#


You could see a gargoyle.


Message History

You hit the shadow. The shadow completely misses you.
You slash the shadow!
You destroy the shadow!
Trog accepts your kill.
No target in view!
Unknown command.
(D) Dungeon (T) Temple (O) Orcish Mines
Where to? (Enter - D:9, ? - help)
You are no longer berserk.
You are exhausted.
You feel yourself slow down.
There is a stone staircase leading up here.
You climb upwards.
There is a stone staircase leading down here. ๐Ÿ˜• HP[-22]
You now have 56 max hp (-28).
You start resting.
You feel yourself speed up. ๐Ÿ˜Ž HP[+7]
Your hp is fully restored (56).
You climb downwards.
There is a stone staircase leading up here.
You recover from your berserk rage.
C - 27 sling bullets (gained 18)
Things that are here:
a +0 spear {polearm}; a gnoll corpse You now have 505 gold pieces (gained 7).
Found an escape hatch in the ceiling.
D - a scroll labelled TOATA GEYSHRA Search for what [? for help]? shiel Unknown command.
Found an escape hatch in the floor.
(D) Dungeon (T) Temple (O) Orcish Mines
Where to? (Enter - D:9, ? - help)
There is a stone staircase leading down here.
You climb downwards.
There is a stone staircase leading up here.
You climb upwards.
There is a stone staircase leading down here.
u - 6 throwing nets {=f!fthrowing} (gained 1)
E - a scroll labelled VENWOELIMU You see here a +0 hand axe {axe}.
As you open the door, it creaks loudly!
Found a glowing golden altar of the Shining One.
There is an open door here.
There is an open door here.
You see here a +0 club {mace}.
Items here: ) รทรทรท.
You open the door. You open the door.
A gargoyle comes into view. It is wielding a +0 mace.
The gargoyle hurls a stone arrow at you.
The stone arrow misses you.
There is an open door here.
You hit the gargoyle but do no damage.
The gargoyle hurls a stone arrow at you.
The stone arrow misses you.
You closely miss the gargoyle.
The gargoyle hurls a stone arrow at you.
The stone arrow hits you! ๐Ÿ˜ฎ HP[-16]
You take 16 damage, and now have 40/56 hp.
MASSIVE DAMAGE!! (PAUSE)
You hit the gargoyle but do no damage. The gargoyle barely misses you.
You hit the gargoyle but do no damage.
The gargoyle hurls a stone arrow at you.
The stone arrow hits you!!
* * * LOW HITPOINT WARNING * * *
๐Ÿ˜จ HP[-22]
You take 22 damage, and now have 18/56 hp.
MASSIVE DAMAGE!! (PAUSE)
A red film seems to cover your vision as you go berserk!
You feel yourself moving faster!
You feel mighty!
The gargoyle hurls a stone arrow at you.
The stone arrow hits you!!
* * * LOW HITPOINT WARNING * * *
๐Ÿ˜ฑ HP[-12]
You now have 84 max hp (+28).
You hit the gargoyle but do no damage.
Unknown command.
You hit the gargoyle.
The gargoyle hurls a stone arrow at you.
The stone arrow misses you.
You slash the gargoyle! ๐Ÿ˜ฑ HP[+1]
You hit the gargoyle but do no damage. The gargoyle closely misses you.
Unknown command.
You hit the gargoyle but do no damage. You barely miss the gargoyle.
The gargoyle hurls a stone arrow at you.
The stone arrow misses you.
You hit the gargoyle but do no damage. The gargoyle barely misses you.
You barely miss the gargoyle. You closely miss the gargoyle.
The gargoyle hits you with a +0 mace.
* * * LOW HITPOINT WARNING * * *
๐Ÿ˜ฑ HP[-3]
You take 3 damage, and now have 4/84 hp.
You hit the gargoyle but do no damage. You hit the gargoyle.
The gargoyle hits you with a +0 mace!
You die...

Skill      XL: |  1  2  3  4  5  6  7  8  9 10 |
---------------+-------------------------------+-----
Axes           | 1 2 3 4 5 7 9 |  9.8
Fighting       | 3 4 5 6 |  6.0
Dodging        | 5 6 8 9 12 14 | 14.0
Long Blades    | |  2.6

Action                   |  1- 3 |  4- 6 |  7- 9 | 10-12 || total
-------------------------+-------+-------+-------+-------++-------
Melee: Hand axe          |   100 |    72 |   210 |   185 ||   567
       Falchion          |     4 |       |       |       ||     4
       War axe           |       |       |     9 |       ||     9
 Fire: Hunting sling     |    15 |    19 |    49 |     7 ||    90
Invok: Berserk           |     1 |     4 |    13 |     9 ||    27
       Trog's Hand       |       |       |     1 |     1 ||     2
  Use: Scroll            |     3 |     2 |     6 |     9 ||    20
 Stab: Sleeping          |     4 |       |       |       ||     4
       Distracted        |     1 |       |     1 |       ||     2
Armor: Animal skin       |    12 |     7 |     4 |       ||    23
       Steam dragon scal |       |       |     5 |    22 ||    27
       Acid dragon scale |       |       |       |     2 ||     2
Dodge: Dodged            |   108 |    60 |   180 |   188 ||   536
       Rpst.: Falchion   |     1 |       |       |       ||     1

Levels and vault maps discovered:
D:1:      ldierk_walled_garden_2, layout_loops_cross, kennysheep_flooded_box,
          hex_large
D:2:      layout_basic, minmay_diced_spiral
D:3:      layout_basic, chequers_temple_overflow_statue_of_worship,
          amcnicky_altar_gilded
D:4:      layout_cave_pools
D:5:      layout_basic, nicolae_overflow_crystal_walls
D:6:      layout_cave_pools, kennysheep_slug_shrine, uniq_maggie, uniq_edmund
D:7:      layout_basic, grunt_temple_overflow_open, kennysheep_mini,
          minmay_temple_entry_glassed_door, serial_curves, eino_curves_04,
          eino_curves_04, ebering_ghost_disaster_area, the_hattery,
          uniq_crazy_yiuf_cottage, uniq_harold, uniq_duvessa
D:8:      layout_cave_pods, uniq_gastronok
D:9:      layout_roguey, kennysheep_orc_monster_closet_entryway
D:10:     cheibrodos_statue_roulette, layout_cross, tso_altar
D:11:     minmay_spotlight, layout_loops_corners, dpeg_lair_monsters, uniq_erica

Notes
Turn   | Place    | Note
-------+----------+-------------------------------------------
     0 | D:1      | Sobieck the Spriggan Berserker began the quest for the Orb.
     0 | D:1      | Reached XP level 1. HP: 11/11 MP: 2/2
     0 | D:1      | magus.rc [v1.9.6]
   267 | D:1      | Reached XP level 2. HP: 15/16 MP: 3/3
   993 | D:1      | Reached ** piety under Trog
  1047 | D:1      | Reached XP level 3. HP: 19/19 MP: 4/4
  1841 | D:2      | Reached skill level 1 in Axes
  1853 | D:2      | You pick up a book of Misfortune {forbidden} and begin
                  | reading...
  1853 | D:2      | You add the spells Confusing Touch, Gell's Gravitas,
                  | Petrify, Metabolic Englaciation and Yara's Violent
                  | Unravelling to your library.
  2162 | D:3      | Found a basalt altar of Yredelemnul.
  2175 | D:3      | Reached skill level 3 in Fighting
  2299 | D:4      | Noticed an ogre
  2306 | D:4      | Killed an ogre
  2307 | D:4      | Reached skill level 5 in Dodging
  2307 | D:4      | Reached XP level 4. HP: 24/24 MP: 5/5
  2307 | D:4      | Reached XP level 5. HP: 28/28 MP: 6/6
  2384 | D:3      | Found a shimmering altar of Xom.
  2480 | D:3      | Reached skill level 2 in Axes
  2721 | D:3      | Found an ancient bone altar of Kikubaaqudgha.
  2722 | D:3      | Found a glowing silver altar of Zin.
  2723 | D:3      | Found a shadowy altar of Dithmenos.
  2906 | D:4      | Reached *** piety under Trog
  3007 | D:4      | Reached skill level 6 in Dodging
  3008 | D:4      | Reached XP level 6. HP: 16/33 MP: 7/7
  3015 | D:4      | HP: 12/49 [kobold brigand (4)]
  3438 | D:4      | Reached skill level 4 in Fighting
  3442 | D:5      | Entered Level 5 of the Dungeon
  3647 | D:4      | Reached skill level 3 in Axes
  3966 | D:5      | Reached XP level 7. HP: 37/37 MP: 8/8
  4071 | D:5      | Reached skill level 7 in Dodging
  4139 | D:5      | Found an iron altar of Okawaru.
  4706 | D:5      | Reached skill level 4 in Axes
  4807 | D:6      | Reached skill level 5 in Fighting
  4807 | D:6      | Reached skill level 8 in Dodging
  4910 | D:7      | Noticed Duvessa
  4910 | D:7      | Noticed Dowan
  4919 | D:7      | Killed Dowan
  4920 | D:7      | Reached XP level 8. HP: 43/43 MP: 9/9
  4920 | D:7      | Killed Duvessa
  5537 | D:6      | Identified the Catalogue of Summoning and Stones
  5538 | D:6      | You add the spells Sandblast, Call Imp, Iron Shot and
                  | Shadow Creatures to your library.
  5597 | D:6      | Noticed Maggie
  5625 | D:6      | Killed Maggie
  5626 | D:6      | Reached skill level 5 in Axes
  5626 | D:6      | Reached skill level 9 in Dodging
  5750 | D:6      | Reached skill level 6 in Fighting
  5788 | D:6      | Noticed Edmund
  5959 | D:7      | Reached **** piety under Trog
  5964 | D:7      | Reached XP level 9. HP: 39/48 MP: 10/10
  5982 | D:7      | Noticed Harold
  6118 | D:6      | Reached skill level 10 in Dodging
  6270 | D:6      | Killed Edmund
  6637 | D:6      | Found a snail-covered altar of Cheibriados.
  6796 | D:7      | Found a large runed translucent door.
  6804 | D:7      | Killed Harold
  6805 | D:7      | Reached skill level 6 in Axes
  6805 | D:7      | Reached skill level 11 in Dodging
  6998 | D:7      | Found a large runed translucent door.
  7002 | D:7      | Noticed bilbop's ghost (novice HOFi)
  7248 | D:7      | Found a staircase to the Ecumenical Temple.
  7315 | D:7      | Found a runed translucent door.
  7316 | D:7      | Noticed Crazy Yiuf
  7344 | D:7      | Found a white marble altar of Elyvilon.
  7397 | D:7      | Reached skill level 7 in Axes
  7715 | D:7      | Found a sparkling altar of Nemelex Xobeh.
  7716 | D:7      | Found a radiant altar of Vehumet.
  7727 | D:7      | Reached skill level 12 in Dodging
  7908 | D:7      | Found a sacrificial altar of Ru.
  8069 | D:7      | Killed Crazy Yiuf
  8319 | D:9      | Identified the +0 robe "Pos Siopn" {rPois rCorr Dex-4
                  | Stlth+}
  8354 | D:10     | Entered Level 10 of the Dungeon
  8563 | D:8      | Reached XP level 10. HP: 53/53 MP: 11/11
  8657 | D:8      | You pick up a book of Air {forbidden} and begin reading...
  8657 | D:8      | You add the spells Shock, Static Discharge, Swiftness,
                  | Airstrike and Lightning Bolt to your library.
  8682 | D:8      | Noticed Gastronok
  8699 | D:8      | Killed Gastronok
  8700 | D:8      | Reached skill level 8 in Axes
  8700 | D:8      | Reached skill level 13 in Dodging
  8732 | D:8      | Reached ***** piety under Trog
  9523 | D:9      | Found a staircase to the Orcish Mines.
  9574 | D:9      | HP: 9/53 [orc warrior (21)]
 10157 | D:9      | Reached skill level 9 in Axes
 10235 | D:9      | You pick up a book of Death {forbidden} and begin
                  | reading...
 10235 | D:9      | You add the spells Corpse Rot, Sublimation of Blood, Dispel
                  | Undead, Agony and Excruciating Wounds to your library.
 10254 | D:11     | Noticed a death yak
 10536 | D:9      | Reached skill level 14 in Dodging
 10883 | D:10     | Reached XP level 11. HP: 56/56 MP: 12/12
 11235 | D:10     | Found a glowing golden altar of the Shining One.
 11299 | D:10     | HP: 6/84 [gargoyle/stone arrow (22)]
 11308 | D:10     | HP: 4/84 [gargoyle (3)]
 11310 | D:10     | Mangled by a gargoyle

Vanquished Creatures
  Gastronok (D:8)
  Harold (D:7)
  Maggie (D:6)
  2 trolls
  A shadow (D:10)
  A spriggan (D:7)
  4 yaks (D:10)
  Edmund (D:6)
  2 acid dragons
  Duvessa (D:7)
  2 water moccasins
  7 orc warriors
  2 ice beasts
  3 ogres
  2 sky beasts (D:7)
  4 necrophages
  A centaur (D:9)
  5 kobold brigands
  2 bullfrogs
  A gnoll sergeant (D:10)
  2 scorpions
  A water moccasin skeleton (D:5)
  Dowan (D:7)
  3 centaur zombies
  5 hounds
  A jelly (D:4)
  Crazy Yiuf (D:7)
  A bullfrog skeleton (D:6)
  4 orc priests
  A centaur skeleton (D:5)
  3 gnoll shamans
  2 iguanas (D:6)
  10 orc wizards
  A killer bee zombie (D:7)
  19 gnolls
  6 adders
  2 shadow imps (D:7)
  A white imp (D:8)
  2 worms
  2 dart slugs
  36 orcs
  9 ball pythons
  6 bats
  5 endoplasms
  4 giant cockroaches
  9 goblins
  6 hobgoblins
  7 jackals
  14 kobolds
  A quokka (D:3)
  3 frilled lizards
  8 rats
220 creatures vanquished.

Vanquished Creatures (others)
  4 toadstools (D:1)
4 creatures vanquished.

Grand Total: 224 creatures vanquished

Table legend:
 A = Non-vault XP
 B = Vault XP
 C = Vault XP percentage of total XP
 D = Non-vault monster count
 E = Vault monster count
 F = Vault count percentage of total count
                 A         B        C        D         E       F
            +---------+---------+-------+---------+---------+-------
      Total |    6320 |    5582 |  46.9 |     186 |      34 |  15.5
            +---------+---------+-------+---------+---------+-------
        D:1 |      37 |       0 |   0.0 |      22 |       0 |   0.0
        D:2 |      23 |       6 |  20.7 |      13 |       5 |  27.8
        D:3 |     107 |       0 |   0.0 |      22 |       0 |   0.0
        D:4 |     500 |       0 |   0.0 |      19 |       0 |   0.0
        D:5 |     541 |       0 |   0.0 |      12 |       0 |   0.0
        D:6 |     954 |     498 |  34.3 |      23 |       3 |  11.5
        D:7 |    1046 |    1499 |  58.9 |      23 |       5 |  17.9
        D:8 |     632 |    2201 |  77.7 |      24 |       2 |   7.7
        D:9 |     634 |    1378 |  68.5 |      11 |      19 |  63.3
       D:10 |    1846 |       0 |   0.0 |      17 |       0 |   0.0
            +---------+---------+-------+---------+---------+-------

Illustrated notes

Table legend:
 A = Kills in this place as a percentage of kills in entire the game.
 B = Kills by you in this place as a percentage of kills by you in the entire game.
 C = Kills by friends in this place as a percentage of kills by friends in the entire game.
 D = Other kills in this place as a percentage of other kills in the entire game.
 E = Experience gained in this place as a percentage of experience gained in the entire game.
 F = Experience gained in this place divided by the number of levels of this place that you have seen.
                   A       B       C       D       E      F
               +-------+-------+-------+-------+-------+----------------------
         Total | 100.0 | 100.0 |   N/A |   N/A | 100.0 | 1082.0
       Dungeon | 100.0 | 100.0 |   N/A |   N/A | 100.0 | 1082.0
               +-------+-------+-------+-------+-------+----------------------

Table legend: (Time is in decaauts)
 A = Elapsed time spent in this place.
 B = Non-inter-level travel time spent in this place.
 C = Inter-level travel time spent in this place.
 D = Time resting spent in this place.
 E = Time spent auto-exploring this place.
 F = Levels seen in this place.
 G = Mean time per level.
                   A        B        C        D        E       F      G
               +--------+--------+--------+--------+--------+-----+--------+
         Total |   9216 |   8844 |    372 |   3373 |   3956 |  11 |  837.8 |
       Dungeon |   9216 |   8844 |    372 |   3373 |   3956 |  11 |  837.8 |
               +--------+--------+--------+--------+--------+-----+--------+

Top non-repeatable levels by time:
     D:6: 1495 daAuts
     D:7: 1294 daAuts
     D:8: 1257 daAuts
     D:1: 1069 daAuts
     D:9: 940 daAuts
     D:5: 931 daAuts
     D:3: 881 daAuts
     D:2: 545 daAuts
     D:4: 513 daAuts
    D:10: 283 daAuts
    D:11: 4 daAuts
